 Dungeon Crawl Stone Soup version 0.30-a0-339-g89bb51ec76 (webtiles) character file.

Game seed: 15491483015843463617

155180 hikkokomori the Blocker (level 16, -3/115 (133) HPs)
             Began as a Demigod Ice Elementalist on Nov 1, 2022.
             Killed from afar by Arachne (51 damage)
             ... with a poison arrow
             ... on level 4 of the Spider Nest.
             The game lasted 02:34:16 (41522 turns).

hikkokomori the Blocker (Demigod Ice Elementalist) Turns: 41522, Time: 02:34:17

HP:   -3/115 (133)  AC: 16    Str:  5 (6)  XL:     16   Next: 28%
MP:   1/33          EV: 14    Int: 44 (45) God:
Gold: 945           SH: 20    Dex: 20 (22) Spells: 0/31 levels left

rFire   + . .      SeeInvis .    R - +8 scimitar (flame)
rCold   + . .      Faith    .    p - +2 kite shield {rF+}
rNeg    . . .      Spirit   .    B - +2 leather armour {rC+}
rPois   .          Reflect  +    i - +0 helmet
rElec   .          Harm     .    F - +1 cloak "Quopyclu" {Str-2 Int+3 Dex+5}
rCorr   .          Rampage  .    E - +0 pair of gloves
Will    +....                    O - +0 pair of boots
Stlth   +++.......               V - amulet of reflection
HPRegen 0.39/turn                I - ring of wizardry
MPRegen 0.23/turn                G - ring "Erghaona" {AC+4 Int+5}

@: mighty, lethally poisoned (-3 -> -19), about to teleport, on berserk
cooldown, slowed, heavily drained, very slow
A: high MP 1, forlorn, divine attributes, iridescent scales 1, clever 1,
screaming 2
}: 1/15 runes: gossamer
a: no special abilities


You were on level 4 of the Spider Nest.
You visited 5 branches of the dungeon, and saw 26 of its levels.
You also visited: Volcano.

You collected 2273 gold pieces.
You spent 1328 gold pieces at shops.

Inventory:

Hand Weapons
 w - the +6 scimitar of Bright Purpose {antimagic, rElec rC+ Will++}
   (You bought it in a shop on level 2 of the Orcish Mines)

   It reduces the magical energy of the wielder, and disrupts the spells and
   magical abilities of those it strikes.
   Natural abilities and divine invocations are not affected.
   rC:        It protects you from cold.
   rElec:     It insulates you from electricity.
   Will:      It greatly increases your willpower.
 C - the +1 rapier of Foul Odours {spect, rF+ rC+}
   (You bought it in a shop on level 2 of the Orcish Mines)

   When its wielder attacks, the weapon's spirit leaps out and strikes again.
   The spirit shares a part of any damage it takes with its wielder.
   rF:        It protects you from fire.
   rC:        It protects you from cold.
 Q - a +2 hand crossbow of flaming
 R - a +8 scimitar of flaming (weapon)
Missiles
 K - 3 throwing nets
Armour
 i - a +0 helmet (worn)
 p - a +2 kite shield of fire resistance (worn)
 x - a +1 leather armour of fire resistance
 B - a +2 leather armour of cold resistance (worn)
 E - a +0 pair of gloves (worn)
 F - the +1 cloak "Quopyclu" (worn) {Str-2 Int+3 Dex+5}
   (You found it on level 5 of the Dungeon)

   Str:       It affects your strength (-2).
   Int:       It affects your intelligence (+3).
   Dex:       It affects your dexterity (+5).
 O - a +0 pair of boots (worn)
Magical Staves
 t - a staff of fire
Jewellery
 a - a +6 ring of strength
 g - a +4 ring of slaying
 r - a +6 ring of intelligence
 u - a ring of resist corrosion
 G - the ring "Erghaona" (right hand) {AC+4 Int+5}
   (You acquired it on level 14 of the Dungeon)

   [ring of protection]

   AC:        It affects your AC (+4).
   Int:       It affects your intelligence (+5).
 I - a ring of wizardry (left hand)
 N - a +4 ring of evasion
 V - an amulet of reflection (around neck)
 X - a ring of protection from fire
Wands
 c - a wand of digging (4)
 j - a wand of polymorph (4)
 q - a wand of flame (5)
 L - a wand of charming (14)
 M - a wand of roots (11)
Scrolls
 f - a scroll of poison
 h - a scroll of enchant armour
 m - 2 scrolls of butterflies
 n - 3 scrolls of immolation
 v - 4 scrolls of vulnerability
 y - 5 scrolls of blinking
 D - 2 scrolls of amnesia
 P - 3 scrolls of magic mapping
 U - 2 scrolls of brand weapon
 W - 4 scrolls of fear
Potions
 b - 9 potions of magic
 d - a potion of might
 k - 4 potions of haste
 l - 5 potions of cancellation
 o - 7 potions of ambrosia
 s - 2 potions of mutation
 z - a potion of brilliance
 A - 2 potions of flight
 H - a potion of resistance
 T - 2 potions of invisibility
 Z - 2 potions of curing


   Skills:
 + Level 9.7 Fighting
 - Level 3.0(7.2) Short Blades
 - Level 10.4(10.6) Long Blades
 - Level 3.4 Ranged Weapons
 - Level 7.5 Dodging
 - Level 6.5 Stealth
 + Level 10.6 Shields
 + Level 8.2 Spellcasting
 * Level 9.4 Conjurations
 - Level 2.0 Summonings
 - Level 3.5 Necromancy
 - Level 4.1 Transmutations
 - Level 3.6 Fire Magic
 - Level 10.2 Ice Magic
 - Level 6.5 Air Magic
 - Level 8.9 Evocations


You couldn't memorise any spells.
You knew the following spells:

 Your Spells              Type           Power      Damage    Failure   Level
a - Freeze                Ice            100%       1d10      1%          1
b - Ozocubu's Armour      Ice            83%        N/A       1%          3
c - Frozen Ramparts       Ice            100%       1d16      1%          3
d - Mephitic Cloud        Conj/Pois/Air  59%        N/A       1%          3
e - Summon Ice Beast      Ice/Summ       64%        N/A       1%          4
f - Orb of Destruction    Conj           39%        9d11      38%         7
g - Irradiate             Conj/Tmut      33%        3d22      4%          5
h - Fireball              Conj/Fire      33%        3d14      4%          5

Your spell library contained the following spells:

 Spells                   Type           Power      Damage    Failure   Level
 Magic Dart               Conj           100%       1d8       1%          1
 Necrotise                Necr           100%       1d9       1%          1
 Shock                    Conj/Air       100%       1d9       1%          1
 Summon Small Mammal      Summ           100%       N/A       1%          1
 Call Imp                 Summ           36%        N/A       1%          2
 Cigotuvi's Dreadful Rot  Necr/Pois/Air  94%        N/A       1%          2
 Poisonous Vapours        Pois/Air       92%        N/A       1%          2
 Searing Ray              Conj           100%       2d8       1%          2
 Static Discharge         Conj/Air       100%       2-7/arc   1%          2
 Sublimation of Blood     Necr           49%        N/A       1%          2
 Dazzling Flash           Conj/Hex       100%       N/A       1%          3
 Stone Arrow              Conj/Erth      100%       3d13      1%          3
 Swiftness                Air            66%        N/A       1%          3
 Vhi's Electric Charge    Tloc/Air       92%        N/A       1%          3
 Airstrike                Air            33%        2d(5-21)  1%          4
 Apportation              Tloc           36%        N/A       2%          1
 Arcjolt                  Conj/Air       36%        1d46      2%          5
 Lightning Bolt           Conj/Air       36%        1d54      2%          5
 Dispel Undead            Necr           49%        3d18      6%          4
 Petrify                  Tmut/Erth      36%        N/A       11%         4
 Agony                    Necr           49%        N/A       16%         5
 Silence                  Hex/Air        23%        N/A       17%         5
 Alistair's Intoxication  Tmut/Pois      24%        N/A       26%         5
 Death Channel            Necr           24%        N/A       61%         6
 Borgnjor's Revivificati  Necr           24%        N/A       100%        8
 Necromutation            Tmut/Necr      25%        N/A       100%        8
 Death's Door             Necr           24%        N/A       100%        9


Dungeon Overview and Level Annotations

Branches:
Dungeon (14/15)            Temple (0/1) D:6            Lair (5/5) D:11
 Shoals (1/4) Lair:2       Spider (4/4) Lair:3        Slime (0/5) Lair:4
    Orc (2/2) D:9             Elf (0/3) Orc:2        Vaults (0/5) D:13
Volcano (visited)

Shops:
D:13 !   Orc:2 ==!(

Annotations:
D:5 2 transporters, silentkaos13's ghost, novice KoBr
D:12 3 transporters
D:14 exclusion: orange crystal statue
Lair:2 2 transporters
Spider:4 Arachne


Innate Abilities, Weirdness & Mutations

You have an increased reservoir of magic. (+10% MP)
You shall have no god before yourself.
Your divine heritage dramatically boosts your attributes as you level up.
You are partially covered in iridescent scales. (AC +2)
Your mind is acute. (Int +4, Str/Dex -1)
You frequently scream uncontrollably at your foes.


Message History

Arachne is lightly wounded.
Arachne mumbles some strange words.
Arachne blinks!
Something barely misses you. Something completely misses you.
You block something's attack. Something barely misses you. Something hits you.
Something stings you!
Arachne casts a spell.
Arachne blinks!
You feel you are being watched by something.
You feel your power leaking away. Something hits you.
Something hits you but does no damage.
Something stings you but does no damage.
You feel you are being watched by something.
Something hits you! You block something's attack. Something stings you.
You slash something! You burn something. Something hits you!
You block something's attack. Something stings you.
You feel clumsy. You block something's attack. Something hits you.
You feel weakened.
Something stings you but does no damage.
You miss something.
You feel you are being watched by something.
You feel your power leaking away. You block something's attack.
Something hits you but does no damage. Something stings you.
As you read the scroll of teleportation, it crumbles to dust.
You feel strangely unstable.
You feel you are being watched by something.
Something completely misses you. Something hits you but does no damage.
You block something's attack.
You feel you are being watched by something.
Something hits you. Something hits you but does no damage.
Something stings you but does no damage.
You slice Arachne!! You burn Arachne.
Arachne is moderately wounded.
Something hits you! Something hits you but does no damage.
Something stings you but does no damage.
Arachne casts a spell at you. The poison arrow hits you!!!
You are poisoned.
You die...

# # # # ######
###### ##.....
###....####......
##.^..^....^..###.
##H{.####........##
#.@### ###.....^..
#..##^ ###.^.......
#..#
..##......^.#.. #.#
.......#.^.###. ##
#....^###^..#.^
#....^.#.......
'.....^.....^^.
'..........^...
'.....^........


You could see Arachne (strong).

Vanquished Creatures
  Jorgrun (D:13)
  Rupert (Lair:3)
  Kirke (D:11)
  2 emperor scorpions (Spider:4)
  A ghost moth (Spider:4)
  Nessos (Lair:4)
  4 spark wasps
  4 entropy weavers
  A fire dragon (Lair:5)
  6 hydras
  4 jorogumos (Spider:4)
  Erica (D:8)
  3 centaur warriors
  An ogre mage (Orc:2)
  A catoblepas (Lair:4)
  3 boulder beetles
  4 death yaks (Lair:5)
  2 two-headed ogres
  A tengu warrior (D:13)
  Urug (D:13)
  Nergalle (Lair:1)
  2 skeletal warriors (D:11)
  5 sun moths
  8 steelbarb worms
  2 pharaoh ants
  11 orb spiders
  A deep troll (D:13)
  A wizard (D:14)
  7 lindwurms
  5 deep elf pyromancers
  10 wolf spiders
  10 orc sorcerers (Orc:2)
  An orc knight (Orc:2)
  4 ugly things
  An oklob plant (D:11)
  5 manticores
  A slime creature (D:12)
  3 fauns (Shoals:1)
  4 moths of wrath
  19 elephants
  A cyclops (D:14)
  6 black mambas
  5 torpor snails (Spider:4)
  4 smoke demons (Volcano)
  2 molten gargoyles (Lair:5)
  5 gargoyles
  A water nymph (Shoals:1)
  7 cane toads
  Maggie (D:6)
  6 komodo dragons
  A kobold demonologist (D:11)
  11 demonic crawlers
  An unseen horror (D:11)
  A freezing wraith (D:13)
  An efreet (D:14)
  4 rime drakes
  2 trolls
  A queen bee (Lair:2)
  A merfolk (Shoals:1)
  2 wind drakes
  2 polar bears
  Grinder (D:6)
  A hornet (D:10)
  10 tarantellas
  18 blink frogs
  12 dream sheep (Lair:3)
  25 jumping spiders
  18 culicivoras
  4 shadows
  2 vampires (D:11)
  A water elemental (D:14)
  9 wyverns
  30 yaks
  Eustachio (D:5)
  6 basilisks
  2 wraiths
  A golden eye (shapeshifter) (D:14)
  34 redbacks
  8 steam dragons
  13 vampire mosquitoes
  An acid dragon (D:11)
  10 water moccasins
  7 hell hounds
  11 orc warriors
  2 sky beasts (D:7)
  3 ice beasts (D:7)
  6 ogres
  23 wolves
  4 centaurs (D:13)
  A phantom (D:7)
  12 bullfrogs
  2 kobold brigands
  3 scorpions
  3 wights (D:9)
  19 killer bees
  A howler monkey (D:8)
  An electric eel (D:14)
  5 lava snakes (Lair:5)
  5 hounds
  11 orc priests
  3 gnoll boudas
  Crazy Yiuf (D:6)
  An iguana (D:5)
  Ijyb (D:2)
  46 orc wizards
  Robin (D:3)
  7 adders
  18 gnolls
  An ufetubus (D:6)
  3 worms
  2 dart slugs
  69 orcs
  6 ball pythons
  5 bats
  12 endoplasms
  3 giant cockroaches (D:1)
  6 hobgoblins
  5 quokkas
  6 frilled lizards
  12 goblins
  10 kobolds
  A rat (D:2)
754 creatures vanquished.

Vanquished Creatures (collateral kills)
  Saint Roka (Orc:2)
  An emperor scorpion (Spider:3)
  A fire dragon (Volcano)
  A hydra (Lair:5)
  2 two-headed ogres
  A tengu warrior (D:13)
  A skeletal warrior (D:10)
  Lodul (D:11)
  A faun (Shoals:1)
  2 cyclopes
  A shining eye (shapeshifter) (D:13)
  2 ugly things (D:14)
  A cane toad (Lair:1)
  2 komodo dragons (Lair:1)
  A troll (D:11)
  4 blink frogs
  2 slime creatures (D:12)
  2 wraiths (D:9)
  Grum (D:9)
  2 steam dragons
  2 redbacks (Spider:1)
  A warg (Orc:2)
  An acid dragon (D:11)
  A water moccasin (Lair:1)
  2 hell hounds (Lair:5)
  2 orc warriors
  5 ogres
  A wolf (D:9)
  A centaur (D:9)
  A nameless horror (D:10)
  4 orc priests
  An orc wizard (D:9)
  7 orcs
59 creatures vanquished.

Vanquished Creatures (others)
  An orc priest (Orc:2)
  13 fungi
  35 plants
49 creatures vanquished.

Grand Total: 862 creatures vanquished

Notes
Turn   | Place    | Note
-------+----------+-------------------------------------------
     0 | D:1      | hikkokomori the Demigod Ice Elementalist began the quest
                  | for the Orb.
     0 | D:1      | Reached XP level 1. HP: 14/14 MP: 5/5
   343 | D:1      | Reached XP level 2. HP: 13/20 MP: 1/7
  1248 | D:2      | Reached XP level 3. HP: 24/26 MP: 2/8
  1308 | D:2      | Learned a level 3 spell: Ozocubu's Armour
  1683 | D:2      | Noticed Ijyb
  1705 | D:2      | Gained mutation: You occasionally lose the ability to drink
                  | potions when taking damage. [potion of mutation]
  1705 | D:2      | Gained mutation: Potions are less effective at restoring
                  | your health. [potion of mutation]
  1705 | D:2      | Gained mutation: You have a pair of small horns on your
                  | head. [potion of mutation]
  1708 | D:2      | Killed Ijyb
  1709 | D:2      | Reached XP level 4. HP: 7/33 MP: 0/10
  1806 | D:2      | Lost mutation: You occasionally lose the ability to drink
                  | potions when taking damage. [potion of mutation]
  1806 | D:2      | Lost mutation: You have a pair of small horns on your head.
                  | [potion of mutation]
  1806 | D:2      | Lost mutation: Potions are less effective at restoring your
                  | health. [potion of mutation]
  1806 | D:2      | Gained mutation: You are dopey. (Int -2) [potion of
                  | mutation]
  1806 | D:2      | Gained mutation: You have a pair of small horns on your
                  | head. [potion of mutation]
  2738 | D:3      | Noticed a spectral ugly thing
  2762 | D:3      | Noticed Robin
  2765 | D:3      | Killed Robin
  2863 | D:3      | Learned a level 3 spell: Frozen Ramparts
  3470 | D:4      | Reached XP level 5. HP: 26/38 MP: 10/12
  4851 | D:5      | Entered Level 5 of the Dungeon
  4867 | D:5      | Reached XP level 6. HP: 13/45 MP: 7/13
  5095 | D:5      | Reached skill level 5 in Ice Magic
  5484 | D:5      | Reached XP level 7. HP: 41/50 MP: 9/16
  5543 | D:5      | Noticed Eustachio
  5569 | D:5      | Noticed a steam dragon
  5576 | D:5      | Killed a steam dragon
  5587 | D:5      | Killed Eustachio
  5880 | D:5      | Found a transporter.
  5887 | D:5      | Found a transporter.
  5899 | D:5      | Reached skill level 5 in Stealth
  5907 | D:5      | Noticed silentkaos13's ghost (novice KoBr)
  6000 | D:5      | Identified the +1 cloak "Quopyclu" {Str-2 Int+3 Dex+5}
  6366 | D:6      | Reached XP level 8. HP: 24/57 MP: 14/18
  6514 | D:6      | Found a staircase to the Ecumenical Temple.
  6548 | D:6      | Found a runed translucent door.
  6549 | D:6      | Noticed Crazy Yiuf
  6578 | D:6      | Noticed Maggie
  6590 | D:6      | Killed Maggie
  6591 | D:6      | Reached skill level 5 in Spellcasting
  6598 | D:6      | Noticed Grinder
  6622 | D:6      | Paralysed by Grinder for 5 turns
  6635 | D:6      | Killed Grinder
  6933 | D:6      | Learned a level 3 spell: Mephitic Cloud
  7155 | D:6      | Reached skill level 1 in Fighting
  7155 | D:6      | Reached skill level 1 in Air Magic
  7457 | D:6      | Killed Crazy Yiuf
  7628 | D:7      | Noticed a gargoyle
  7633 | D:7      | Killed a gargoyle
  7634 | D:7      | Reached XP level 9. HP: 36/67 MP: 13/21
  8403 | D:7      | Reached skill level 1 in Conjurations
  9573 | D:8      | Learned a level 4 spell: Summon Ice Beast
 10281 | D:8      | Noticed Erica
 10291 | D:8      | Killed Erica
 10292 | D:8      | Reached XP level 10. HP: 42/80 MP: 16/22
 10787 | D:9      | Noticed Grum
 10806 | D:9      | Killed Grum
 10929 | D:9      | Noticed a manticore
 10964 | D:9      | Found a staircase to the Orcish Mines.
 10976 | D:9      | Reached skill level 5 in Air Magic
 11135 | D:9      | Reached skill level 5 in Fighting
 11142 | D:9      | Killed a manticore
 11559 | D:9      | Lost mutation: You have a pair of small horns on your head.
                  | [potion of mutation]
 11559 | D:9      | Lost mutation: You are dopey. (Int -2) [potion of mutation]
 11559 | D:9      | Gained mutation: You occasionally shout uncontrollably at
                  | your foes. [potion of mutation]
 11559 | D:9      | Gained mutation: Your mind is acute. (Int +4, Str/Dex -1)
                  | [potion of mutation]
 11559 | D:9      | Gained mutation: You are partially covered in iridescent
                  | scales. (AC +2) [potion of mutation]
 11811 | D:10     | Entered Level 10 of the Dungeon
 12130 | D:10     | Noticed a two-headed ogre
 12139 | D:10     | Killed a two-headed ogre
 12262 | D:10     | Noticed a deep elf pyromancer
 12269 | D:10     | Killed a deep elf pyromancer
 12270 | D:10     | Reached skill level 5 in Conjurations
 12911 | D:11     | Reached XP level 11. HP: 63/89 MP: 19/23
 13674 | D:11     | Found a staircase to the Lair.
 13963 | D:11     | Noticed a skeletal warrior
 13968 | D:11     | Noticed a skeletal warrior
 13968 | D:11     | Noticed a skeletal warrior
 14079 | Lair:1   | Entered Level 1 of the Lair of Beasts
 14141 | Lair:1   | Reached skill level 1 in Evocations
 14151 | Lair:1   | Reached skill level 1 in Short Blades
 14976 | Lair:1   | Noticed Nergalle
 14985 | Lair:1   | Learned a level 2 spell: Cigotuvi's Dreadful Rot
 15011 | Lair:1   | Killed Nergalle
 15575 | Lair:1   | Noticed a catoblepas
 16263 | Lair:2   | Found a transporter.
 16318 | Lair:2   | Reached skill level 1 in Long Blades
 16322 | Lair:2   | Reached skill level 1 in Summonings
 16329 | Lair:2   | Reached skill level 5 in Dodging
 16609 | Lair:2   | Reached XP level 12. HP: 79/100 MP: 16/24
 16943 | Lair:2   | Reached skill level 5 in Evocations
 16992 | Lair:2   | Found a staircase to the Shoals.
 17096 | Lair:2   | Found a transporter.
 17716 | Lair:3   | Reached skill level 1 in Shields
 17728 | Lair:3   | Noticed an eight-headed hydra
 17736 | Lair:3   | Killed a six-headed hydra
 17737 | Lair:3   | Reached skill level 5 in Long Blades
 18233 | Lair:3   | Found a hole to the Spider Nest.
 18385 | Lair:3   | Noticed Rupert
 18674 | Orc:1    | Entered Level 1 of the Orcish Mines
 19030 | Orc:2    | Entered Level 2 of the Orcish Mines
 19488 | D:11     | Noticed Lodul
 19874 | D:11     | Reached skill level 5 in Shields
 20557 | D:11     | Killed Lodul
 20558 | D:11     | Reached XP level 13. HP: 105/105 MP: 13/25
 21221 | D:12     | Noticed Kirke
 21360 | D:11     | Killed Kirke
 21677 | D:12     | Found a transporter.
 21704 | D:12     | Found a transporter.
 21745 | D:12     | Found a transporter.
 21781 | D:12     | Found a transporter.
 21841 | D:13     | Noticed Jorgrun
 21861 | D:13     | Killed Jorgrun
 22191 | D:13     | Noticed Urug
 22204 | D:13     | Killed Urug
 22404 | D:13     | Learned a level 6 spell: Death Channel
 22618 | D:13     | Found a gate to the Vaults.
 22779 | D:13     | Reached skill level 1 in Necromancy
 22790 | D:13     | Found Leutiuts's Distillery.
 22795 | D:13     | Bought a potion of heal wounds for 85 gold pieces
 22795 | D:13     | Bought a potion of berserk rage for 85 gold pieces
 22795 | D:13     | Bought a potion of haste for 170 gold pieces
 22795 | D:13     | Bought a potion of berserk rage for 85 gold pieces
 23786 | D:14     | Identified a scroll of acquirement
 23787 | D:14     | Acquired the ring "Erghaona" {AC+4 Int+5}
 24722 | Lair:3   | Paralysed by Rupert for 3 turns
 24728 | Lair:3   | Killed Rupert
 24731 | Lair:3   | Reached XP level 14. HP: 90/115 MP: 19/26
 24741 | Lair:3   | Reached skill level 10 in Ice Magic
 25246 | Lair:4   | Found a dark tunnel.
 25261 | Volcano  | Entered a volcano
 25788 | Volcano  | Found the +2 cloak of the Thief {*Fog Slay-2 SInv Stlth+}
 25964 | Lair:4   | Noticed Nessos
 26070 | Lair:4   | Killed Nessos
 26187 | Lair:4   | Acquired the Atlas of Blasting
 26807 | Lair:4   | Found a staircase to the Slime Pits.
 26867 | Lair:5   | Entered Level 5 of the Lair of Beasts
 26910 | Lair:5   | Reached skill level 1 in Ranged Weapons
 28052 | Lair:5   | Learned a level 5 spell: Irradiate
 28284 | Lair:5   | Found a large runed translucent door.
 28284 | Lair:5   | Found a large runed translucent door.
 28419 | Lair:5   | Reached skill level 10 in Long Blades
 28608 | Lair:5   | Reached skill level 1 in Transmutations
 29164 | Shoals:1 | Entered Level 1 of the Shoals
 29814 | Orc:2    | Noticed Saint Roka
 29877 | Orc:2    | Killed Saint Roka
 29878 | Orc:2    | Reached XP level 15. HP: 25/122 MP: 15/29
 29904 | Orc:2    | Learned a level 5 spell: Fireball
 30178 | Orc:2    | Found a staircase to the Elven Halls.
 30398 | Orc:2    | Found Coexuepli's Antique Weapon Emporium.
 30648 | Orc:2    | Bought a crude rapier for 270 gold pieces
 30648 | Orc:2    | Identified the +1 rapier of Foul Odours {spect, rF+ rC+}
                  | (You bought it in a shop on level 2 of the Orcish Mines)
 30648 | Orc:2    | Bought a smouldering scimitar for 270 gold pieces
 30648 | Orc:2    | Identified the +6 scimitar of Bright Purpose {antimagic,
                  | rElec rC+ Will++} (You bought it in a shop on level 2 of
                  | the Orcish Mines)
 30676 | Orc:2    | Reached skill level 1 in Fire Magic
 30733 | Orc:2    | Found Bamups's Distillery.
 30890 | Orc:2    | Found Dufa's Jewellery Shoppe.
 31148 | Orc:2    | Bought a potion of heal wounds for 55 gold pieces
 31148 | Orc:2    | Bought a potion of magic for 88 gold pieces
 31148 | Orc:2    | Bought a potion of haste for 110 gold pieces
 31148 | Orc:2    | Bought a potion of resistance for 110 gold pieces
 31176 | Orc:2    | Found Ricoptin's Jewellery Emporium.
 32182 | Spider:1 | Entered Level 1 of the Spider Nest
 38809 | Spider:4 | Entered Level 4 of the Spider Nest
 39039 | Spider:4 | Reached skill level 10 in Shields
 39586 | Spider:4 | Reached XP level 16. HP: 132/132 MP: 21/32
 39997 | Spider:4 | Gained mutation: You frequently scream uncontrollably at
                  | your foes. [mutagenic glow]
 40649 | Spider:4 | Got a gossamer rune of Zot
 40666 | Spider:4 | Noticed Arachne
 41401 | Spider:4 | Learned a level 7 spell: Orb of Destruction
 41522 | Spider:4 | Killed from afar by Arachne

Illustrated notes

Levels and vault maps discovered:
D:1:      dpeg_arrival_shelter, layout_basic, minmay_misc_feat_chi,
          hangedman_decor_push, minmay_misc_feat_tower
D:2:      kennysheep_the_goblin_king, layout_basic, serial_rivers,
          chequers_serial_rivers_micro_a, chequers_serial_rivers_room_a,
          chequers_serial_rivers_small_a, chequers_serial_rivers_micro_a,
          grunt_decor_arrowhead
D:3:      layout_basic, regret_index_temple_of_mockery, uniq_robin
D:4:      layout_layer_cave, nicolae_overflow_crystal_walls, lemuel_tele_altar,
          kennysheep_generic_room_9
D:5:      layout_layer_cave, gammafunk_ghost_arena, dreamdust_gnoll_farm,
          uniq_eustachio
D:6:      layout_loops_cross, nicolae_uskayaw_dance_studio,
          minmay_temple_entry_sparse_star, uniq_crazy_yiuf_cottage,
          uniq_grinder, uniq_maggie
D:7:      layout_basic, marbit_many_paths, mainiacjoe_overflow_cross_hatched
D:8:      layout_basic, grunt_temple_overflow_opulence, serial_co_window_serial,
          co_window_corner_a, co_window_corner_a, co_window_cross_1,
          co_window_paths_a, co_window_paths_b, co_window_corner_b,
          co_window_broadway_c, co_window_corner_b, co_window_of_opportunity_b,
          co_window_unsneaky_path_c, co_window_broadway_c, co_window_2corner,
          glass_columns_b, glass_columns_a, glass_columns_b, glass_columns_c,
          uniq_erica
D:9:      layout_rooms, mainiacjoe_overflow_24_doors, david_orc_2,
          nicolae_kite_square_tiling_tiny, uniq_grum
D:10:     layout_irregular_city, mainiacjoe_overflow_alcove_1
D:11:     layout_grid_maze, dpeg_oklobed_lair, grunt_ministairs_1,
          nemelex_spade_bored_becter, uniq_lodul
D:12:     layout_rooms, nicolae_transporter_intersection, uniq_kirke
D:13:     layout_stronghold, david_vaults_4, serial_shops, shop, uniq_jorgrun,
          uniq_urug
D:14:     layout_stronghold, serial_bayou, serial_bayou_pond_a,
          serial_bayou_shore_a, serial_bayou_crossing, serial_bayou_pond_d,
          minmay_misc_feat_ornament, disabler_island
Lair:1:   layout_regular_city, st_stairs_4, grunt_megastairs_3, uniq_nergalle
Lair:2:   gammafunk_worm_tunnel, layout_cave_pods, elwin_shoals_entry_rocks,
          special_room [special_room_bee], small_statue_intersection
Lair:3:   layout_cave_pods, spider_nest_entry_funnel_web, st_stairs_5,
          chequers_serial_rivers_large_b, uniq_rupert
Lair:4:   layout_loops_ring, dpeg_slime_entry_enclosed, enter_volcano_4,
          uniq_nessos
Lair:5:   cheibrodos_lair_end_hotspot, layout_regular_city,
          chequers_serial_rivers_small_b
Shoals:1: layout_shoals, st_shoals_ruin
Spider:1: layout_spider_delve, hangedman_spider_tarantella_strand
Spider:2: layout_spider_delve
Spider:3: layout_cave_pods
Spider:4: johnstein_spider_rune_arachne_lair
Orc:1:    layout_caves
Orc:2:    kennysheep_orc_mage_school, layout_diamond_mine, uniq_saint_roka

Skill      XL: |  1  2  3  4  5  6  7  8  9 10 11 12 13 14 15 16 |
---------------+-------------------------------------------------+-----
Stealth        | 2 3 4 5 6 |  6.5
Dodging        | 2 3 5 6 7 |  7.5
Spellcasting   | 2 3 4 5 6 7 8 |  8.2
Ice Magic      | 4 5 6 7 8 9 10 | 10.2
Fighting       | 2 4 6 7 8 9 |  9.7
Air Magic      | 2 4 6 |  6.5
Conjurations   | 3 5 6 8 9 |  9.4
Evocations     | 4 5 7 8 |  8.9
Short Blades   | 3 |  3.0
Long Blades    | 2 7 9 10 | 10.4
Summonings     | 2 |  2.0
Shields        | 5 7 8 10 | 10.6
Necromancy     | 2 3 |  3.5
Ranged Weapons | 3 |  3.4
Transmutations | 1 4 |  4.1
Fire Magic     | 3 |  3.6

Action                   |  1- 3 |  4- 6 |  7- 9 | 10-12 | 13-15 | 16-18 || total
-------------------------+-------+-------+-------+-------+-------+-------++-------
Melee: Unarmed           |     1 |       |       |       |    15 |       ||    16
       Rapier            |    20 |    79 |   168 |    16 |       |       ||   283
       Dagger            |     1 |       |       |       |       |       ||     1
       Headbutt          |       |    16 |    37 |    17 |       |       ||    70
       Punch             |       |       |     3 |     9 |       |       ||    12
       Scimitar          |       |       |       |   446 |  1092 |   115 ||  1653
 Fire: Hand crossbow     |       |       |       |       |     4 |       ||     4
Throw: Javelin           |       |       |       |     3 |       |       ||     3
       Dart              |       |       |       |       |     1 |       ||     1
 Cast: Freeze            |    54 |    51 |    10 |       |       |       ||   115
       Ozocubu's Armour  |     1 |     1 |    17 |    16 |    42 |     6 ||    83
       Frozen Ramparts   |       |     5 |    38 |    32 |    49 |     7 ||   131
       Mephitic Cloud    |       |       |     5 |    13 |    36 |     1 ||    55
       Summon Ice Beast  |       |       |       |    50 |    27 |       ||    77
       Cigotuvi's Dreadf |       |       |       |     1 |       |     1 ||     2
       Irradiate         |       |       |       |       |    47 |    14 ||    61
       Fireball          |       |       |       |       |    59 |    25 ||    84
Evoke: Wand              |       |       |    14 |    22 |    31 |       ||    67
  Use: Scroll            |     1 |     3 |    10 |    10 |    17 |     6 ||    47
       Potion            |     1 |     2 |     3 |    10 |    16 |     5 ||    37
 Stab: Sleeping          |       |     6 |     1 |     2 |    11 |       ||    20
       Confused          |       |       |     1 |     4 |    21 |       ||    26
       Distracted        |       |       |       |     1 |     5 |     2 ||     8
       Invisible         |       |       |       |       |     1 |       ||     1
Armor: Robe              |    15 |    21 |     2 |       |       |       ||    38
       Leather armour    |       |       |    72 |   170 |   415 |    66 ||   723
Dodge: Dodged            |    36 |    91 |   109 |   388 |   698 |    53 ||  1375
Block: Other             |       |       |       |   115 |     1 |       ||   116
       Buckler           |       |       |       |    15 |   126 |       ||   141
       Reflection        |       |       |       |     2 |    35 |     4 ||    41
       Kite shield       |       |       |       |       |  1053 |   135 ||  1188

Table legend: (Time is in decaauts)
 A = Elapsed time spent in this place.
 B = Non-inter-level travel time spent in this place.
 C = Inter-level travel time spent in this place.
 D = Time resting spent in this place.
 E = Time spent auto-exploring this place.
 F = Levels seen in this place.
 G = Mean time per level.
                   A        B        C        D        E       F      G
               +--------+--------+--------+--------+--------+-----+--------+
         Total |  41879 |  39522 |   2357 |  11188 |  20676 |  27 | 1551.1 |
       Dungeon |  20261 |  18822 |   1439 |   2907 |  12566 |  14 | 1447.2 |
          Lair |  10902 |  10495 |    407 |   3996 |   4572 |   5 | 2180.4 |
        Shoals |     60 |     60 |      0 |      0 |      0 |   1 |   60.0 |
   Spider Nest |   7322 |   6956 |    366 |   3208 |   2311 |   4 | 1830.5 |
  Orcish Mines |   2666 |   2524 |    142 |    831 |   1083 |   2 | 1333.0 |
       Volcano |    666 |    666 |      0 |    246 |    143 |   1 |  666.0 |
               +--------+--------+--------+--------+--------+-----+--------+

Top non-repeatable levels by time:
  Lair:3: 3373 daAuts
    D:11: 2661 daAuts
Spider:4: 2523 daAuts
Spider:2: 2231 daAuts
  Lair:1: 2194 daAuts
  Lair:5: 2175 daAuts
   Orc:2: 2094 daAuts
  Lair:2: 2019 daAuts
     D:7: 1945 daAuts
    D:10: 1676 daAuts
     D:3: 1645 daAuts
     D:5: 1478 daAuts
     D:4: 1460 daAuts
    D:13: 1376 daAuts
    D:14: 1375 daAuts
